 Dungeon Crawl Stone Soup version 0.29-a0-813-g4a14ea37d6 (webtiles) character file.

Game seed: 13171224443318547432

8 purpskrrrp the Trooper (level 2, -4/24 HPs)
             Began as a Demonspawn Fighter on July 4, 2022.
             Was a Follower of Ru.
             Slain by a gnoll
             ... wielding a +0 club
              (5 damage)
             ... on level 2 of the Dungeon.
             The game lasted 00:03:14 (1102 turns).

purpskrrrp the Trooper (Demonspawn Fighter)         Turns: 1102, Time: 00:03:15

Health: -4/24      AC:  6    Str: 16    XL:     2   Next: 0%
Magic:  2/2        EV:  4    Int:  9    God:    Ru [*.....]
Gold:   47         SH:  0    Dex: 12    Spells: 1/1 levels left

rFire   . . .      SeeInvis .   a - +0 long sword
rCold   . . .      Faith    .   c - +0 buckler
rNeg    . . .      Spirit   .   b - +0 scale mail
rPois   .          Reflect  .   (no helmet)
rElec   .          Harm     .   (no cloak)
rCorr   .          Rampage  .   (no gloves)
Will    .....                   (no boots)
Stlth   ..........              (no amulet)
HPRegen 0.08/turn               (no ring)
MPRegen 0.16/turn               (no ring)

@: held, unable to read
A: magic regeneration, inability to read while threatened 2, wild magic 1,
MP-powered wands
a: Renounce Religion


You were on level 2 of the Dungeon.
You worshipped Ru.
Ru was aware of your devotion.
You visited 1 branch of the dungeon, and saw 2 of its levels.

You collected 47 gold pieces.

Inventory:

Hand Weapons
 a - a +0 long sword (weapon)
Armour
 b - a +0 scale mail (worn)
 c - a +0 buckler (worn)
Scrolls
 i - a scroll of fog
Potions
 d - a potion of might
 e - a potion of resistance {unknown}
 f - 2 potions of brilliance
 j - a potion of degeneration {unknown}


   Skills:
 * Level 3.1 Fighting
 * Level 2.2 Long Blades
 + Level 2.7 Armour
 * Level 0.1 Stealth
 + Level 2.7 Shields


You had one spell level left.
You didn't know any spells.
Your spell library was empty.

Dungeon Overview and Level Annotations

Branches:
Dungeon (2/15)

Altars:
Ru


Innate Abilities, Weirdness & Mutations

You regenerate magic rapidly.
You sometimes lose the ability to read scrolls when taking damage.
Your spells are a little harder to cast, but a little more powerful.
You expend magic power (3 MP) to strengthen your wands.


Message History

There is an open door here.
You open the door.
There is an open door here.
e - a sapphire potion A gnoll comes into view.
It is wielding a +0 spear.
Found 12 gold pieces.
The gnoll shouts!
You hear a shout!
A gnoll is nearby!
A gnoll is nearby! 2 gnolls come into view.
Found a silvery potion.
The gnoll shouts! x2
The gnoll moves out of view.
A gnoll comes into view. It is wielding a +0 club.
You block the gnoll's attack.
You hit the gnoll.
The gnoll is moderately wounded.
The gnoll barely misses you.
You hit the gnoll.
The gnoll is heavily wounded.
The gnoll hits you with a +0 spear!
You hit the gnoll.
The gnoll is severely wounded.
The gnoll hits you with a +0 club.
You feel threatened and lose the ability to read scrolls!
The gnoll throws a throwing net.
The throwing net hits you.
You become entangled in the net!
The gnoll barely misses you. x2
The gnoll hits you with a +0 club.
You struggle against the net.
The gnoll hits you with a +0 club!
* * * LOW HITPOINT WARNING * * *
The gnoll hits you but does no damage. The gnoll hits you with a +0 club.
* * * LOW HITPOINT WARNING * * *
The gnoll hits you but does no damage.
You struggle against the net.
The gnoll is stunned by your conviction and fails to attack.
The gnoll hits you but does no damage. The gnoll closely misses you.
The gnoll hits you but does no damage.
You struggle against the net.
The gnoll hits you but does no damage. The gnoll barely misses you.
The gnoll hits you with a +0 club.
You die...

..####### .........
......... ####
#..$..... #...#
#........ #...####
#?....... ......#
#####gg...... #...[.#
#...g@g.!.... #.....#
#......###### #......
#......# #####......
#......# #..........
#......#####..†......#
#......'...'..........
#......#####.....#####
#......# #.....#
#......# #.....#


You could see 4 gnolls.

Vanquished Creatures
  A dart slug (D:2)
  An endoplasm (D:1)
  2 goblins (D:1)
  A hobgoblin (D:1)
5 creatures vanquished.

Vanquished Creatures (others)
  A plant (D:1)
1 creature vanquished.

Grand Total: 6 creatures vanquished

Notes
Turn   | Place    | Note
-------+----------+-------------------------------------------
     0 | D:1      | purpskrrrp the Demonspawn Fighter began the quest for the
                  | Orb.
     0 | D:1      | Reached XP level 1. HP: 18/18 MP: 1/1
   436 | D:1      | Found a faded altar of an unknown god.
  1043 | D:1      | Gained mutation: Your spells are a little harder to cast,
                  | but a little more powerful. [potion of mutation]
  1043 | D:1      | Gained mutation: You expend magic power (3 MP) to
                  | strengthen your wands. [potion of mutation]
  1048 | D:1      | Prayed at the altar of an unknown god.
  1048 | D:1      | Became a worshipper of Ru the Awakened
  1074 | D:2      | Gained mutation: You regenerate magic rapidly. [demonic
                  | ancestry]
  1074 | D:2      | Reached XP level 2. HP: 23/24 MP: 2/2
  1074 | D:2      | Gained mutation: You occasionally lose the ability to read
                  | scrolls when taking damage. [Ru sacrifice]
  1074 | D:2      | Gained mutation: You sometimes lose the ability to read
                  | scrolls when taking damage. [Ru sacrifice]
  1074 | D:2      | Reached * piety under Ru
  1100 | D:2      | HP: 1/24 [gnoll/+0 club (2)]
  1102 | D:2      | Slain by a gnoll

Illustrated notes

Levels and vault maps discovered:
D:1:      amcnicky_arrival_blooded_trapdoor, layout_basic,
          shapermc_ecumenical_altar_acropolis
D:2:      layout_basic, dk_noncrumbling_4

Skill      XL: |  1 |
---------------+----+-----
Long Blades    | 2 |  2.2
Fighting       | |  3.1
Armour         | |  2.7
Stealth        | |  0.1
Shields        | |  2.7

Action                   || total
-------------------------++-------
Melee: Long sword        ||    19
Invok: Sacrifice Words   ||     1
  Use: Scroll            ||     5
       Potion            ||     1
Armor: Scale mail        ||     7
Dodge: Dodged            ||     7
Block: Buckler           ||     2

Table legend: (Time is in decaauts)
 A = Elapsed time spent in this place.
 B = Non-inter-level travel time spent in this place.
 C = Inter-level travel time spent in this place.
 D = Time resting spent in this place.
 E = Time spent auto-exploring this place.
 F = Levels seen in this place.
 G = Mean time per level.
                   A        B        C        D        E       F      G
               +--------+--------+--------+--------+--------+-----+--------+
         Total |   1109 |   1058 |     51 |      0 |    981 |   2 |  554.5 |
       Dungeon |   1109 |   1058 |     51 |      0 |    981 |   2 |  554.5 |
               +--------+--------+--------+--------+--------+-----+--------+

Top non-repeatable levels by time:
     D:1: 1071 daAuts
     D:2: 38 daAuts
